 Dungeon Crawl Stone Soup version 0.27-a0-1140-g099f9bb0e8 (webtiles) character file.

Game seed: 11082951630764397623

110 dickylongcocking the Firebug (level 4, 0/27 HPs)
             Began as an Octopode Fire Elementalist on May 9, 2021.
             Killed by divine providence
             ... invoked by an orc priest
              (11 damage)
             ... on level 3 of the Dungeon.
             The game lasted 00:03:28 (3050 turns).

dickylongcocking the Firebug (OpFE)                 Turns: 3050, Time: 00:03:29

Health: 0/27       AC:  5    Str: 13    XL:     4   Next: 91%
Magic:  1/8        EV: 13    Int: 18    God:
Gold:   26         SH:  0    Dex: 18    Spells: 7/8 levels left

rFire    . . .     SeeInvis .   q - +0 whip (pain)
rCold    . . .     Faith    .   (no shield)
rNeg     . . .     Spirit   .   (helmet restricted)
rPois    .         Reflect  .   (no amulet)
rElec    .         Harm     .   e - +4 ring of protection
rCorr    .         Rampage  .   l - +6 ring of strength
Will     .....                  m - +6 ring of dexterity
Stlth    +++.......             (no ring)
HPRegen  0.09/turn              (no ring)
MPRegen  0.11/turn              (no ring)
                                (no ring)
                                (no ring)

@: no status effects
A: almost no armour, amphibious, 8 rings, camouflage 1, gelatinous body 1,
(nimble swimmer 1), tentacles
a: no special abilities


You were on level 3 of the Dungeon.
You visited 1 branch of the dungeon, and saw 3 of its levels.

You collected 145 gold pieces.
You spent 119 gold pieces at shops.

Inventory:

Hand Weapons
 a - a +0 short sword
 j - a +0 trident
 k - a +0 war axe
 q - a +0 whip of pain (weapon)
Jewellery
 e - a +4 ring of protection (left tentacle)
 l - a +6 ring of strength (right tentacle)
 m - a +6 ring of dexterity (on tentacle)
 p - a +4 ring of protection
Scrolls
 b - 3 scrolls of fear
 c - a scroll of holy word {unknown}
 d - a scroll of enchant weapon {unknown}
 f - a scroll of blinking {unknown}
 g - a scroll of teleportation
 h - a scroll of identify
 n - a scroll of amnesia {unknown}
 o - a scroll of noise
Potions
 i - a potion of attraction


   Skills:
 - Level 1.0 Short Blades
 - Level 2.1 Dodging
 - Level 2.7 Stealth
 + Level 2.7 Spellcasting
 * Level 2.0 Conjurations
 + Level 4.2 Fire Magic


You had 7 spell levels left.
You knew the following spells:

 Your Spells              Type           Power      Damage    Failure   Level
a - Foxfire               Conj/Fire      52%        2x1d6     4%          1

Your spell library contained the following spells:

 Spells                   Type           Power      Damage    Failure   Level
 Conjure Flame            Conj/Fire      13%        6-21      14%         3
 Inner Flame              Hex/Fire       10%        N/A       22%         3
 Sticky Flame             Conj/Fire      13%        2d4       41%         4
 Fireball                 Conj/Fire      6%         3d5       77%         5


Dungeon Overview and Level Annotations

Branches:
Dungeon (3/15)

Altars:

Shops:
D:3 ?


Innate Abilities, Weirdness & Mutations

You cannot wear most types of armour.
You are amphibious.
You can wear up to eight rings at the same time.
Your skin changes colour to match your surroundings (Stealth+).
Your rubbery body absorbs attacks. (AC +1, EV +1)
((You are camouflaged near water. (Stealth+)))
You have tentacles for arms and can constrict up to eight enemies at once.


Message History

Casting: Foxfire (safe; 4% risk of failure)
Confirm with . or Enter, or press ? or * to list all spells.
You conjure some foxfire!
Your foxfire is smitten.
Unknown command.
Casting: Foxfire (safe; 4% risk of failure)
Confirm with . or Enter, or press ? or * to list all spells.
You conjure some foxfire!
The foxfire hits the orc wizard.
The orc wizard is lightly wounded.
The foxfire hits the orc wizard.
The orc wizard is lightly wounded.
Unknown command.
Casting: Foxfire (safe; 4% risk of failure)
Confirm with . or Enter, or press ? or * to list all spells.
You conjure some foxfire!
The foxfire hits the orc wizard.
The orc wizard is moderately wounded.
Unknown command.
Casting: Foxfire (safe; 4% risk of failure)
Confirm with . or Enter, or press ? or * to list all spells.
You don't have enough magic to cast this spell.
Unknown command.
Your foxfire dissipates!
The foxfire hits the orc wizard.
The orc wizard is heavily wounded.
The foxfire hits the orc wizard but does no damage.
The orc wizard is heavily wounded.
The foxfire hits the orc wizard.
The orc wizard is severely wounded.
The orc priest invokes the aid of Beogh against you.
Beogh smites you!
You hear a shout!
The orc wizard points at itself and mumbles some strange words.
The orc wizard flickers and vanishes!
Deactivating autopickup; reactivate with Ctrl-A.
A puff of flame appears from out of thin air!
The puff of flame hits you.
You see here a rat skeleton.
The orc priest invokes the aid of Beogh against you.
Beogh smites you!
You die...

#..## ####...........# #...###
####....###...#..##
##....####.............#.## .#
##.#...#.....###..#.....### .#
#......(.............(##.. .#
#####........#####.#.###.. .###
###........### #.#.# #..
...######............####...# #..
..........###..÷@.#.......#.# #<.
.####.........o##...##.##...###..
.......##.o....##.#..#.##..##....
###..#.§#.##.....<..(.........#..
.###....#.#....##.#.##......###..
..##.............................
..$#..#......................#.##
..⌠#.........######............#
..$#.##..>o........>..........#


You could see 2 orc priests.

Vanquished Creatures
  Terence (D:2)
  3 adders
  A worm (D:2)
  2 dart slugs
  An orc (D:3)
  5 ball pythons (D:1)
  2 bats
  2 endoplasms
  3 giant cockroaches
  3 hobgoblins
  7 jackals
  2 kobolds
  A quokka (D:2)
  5 frilled lizards
  5 goblins
  6 rats
49 creatures vanquished.

Vanquished Creatures (others)
  112 foxfires
112 creatures vanquished.

Grand Total: 161 creatures vanquished

Notes
Turn   | Place    | Note
-------+----------+-------------------------------------------
     0 | D:1      | dickylongcocking the Octopode Fire Elementalist began the
                  | quest for the Orb.
     0 | D:1      | Reached XP level 1. HP: 11/11 MP: 3/3
   272 | D:1      | Reached XP level 2. HP: 12/17 MP: 5/5
   889 | D:1      | Reached XP level 3. HP: 16/21 MP: 0/6
  1087 | D:2      | Noticed Terence
  1545 | D:2      | Reached skill level 1 in Short Blades
  1619 | D:1      | Reached skill level 4 in Fire Magic
  1619 | D:1      | Reached XP level 4. HP: 27/27 MP: 1/7
  1916 | D:2      | Killed Terence
  2564 | D:3      | Found a faded altar of an unknown god.
  2702 | D:3      | Found Zeckaani's Magic Scroll Boutique.
  2713 | D:3      | Bought a scroll of fear for 49 gold pieces
  2713 | D:3      | Bought a scroll of identify for 28 gold pieces
  2715 | D:3      | Bought a scroll of teleportation for 42 gold pieces
  3050 | D:3      | Killed from afar by an orc priest

Illustrated notes

Levels and vault maps discovered:
D:1:      ncdulo_wetmaze, layout_basic, minmay_misc_feat_enclosed
D:2:      layout_rooms, kennysheep_generic_room_5, uniq_terence
D:3:      cheibrodos_pilgrimage, layout_rooms, serial_shops, shop,
          chequers_ecumenical_altar_island, minmay_crystal_water

Skill      XL: |  1  2  3  4 |
---------------+-------------+-----
Short Blades   | 1 |  1.0
Fire Magic     | 4 |  4.2
Conjurations   | 2 |  2.0
Dodging        | |  2.1
Stealth        | |  2.7
Spellcasting   | |  2.7

Action                   |  1- 3 |  4- 6 || total
-------------------------+-------+-------++-------
Melee: Unarmed           |     5 |       ||     5
       Constrict         |    11 |     5 ||    16
       Short sword       |    28 |     4 ||    32
       Tentacles         |     6 |     3 ||     9
       War axe           |       |     7 ||     7
       Trident           |       |     5 ||     5
 Cast: Foxfire           |    39 |    37 ||    76
  Use: Scroll            |       |     3 ||     3
 Stab: Sleeping          |       |     3 ||     3
       Distracted        |       |     1 ||     1
Armor: Skin              |    20 |     5 ||    25
Dodge: Dodged            |    38 |    12 ||    50

Table legend: (Time is in decaauts)
 A = Elapsed time spent in this place.
 B = Non-inter-level travel time spent in this place.
 C = Inter-level travel time spent in this place.
 D = Time resting spent in this place.
 E = Time spent auto-exploring this place.
 F = Levels seen in this place.
 G = Mean time per level.
                   A        B        C        D        E       F      G
               +--------+--------+--------+--------+--------+-----+--------+
         Total |   3058 |   2906 |    152 |    800 |   1667 |   3 | 1019.3 |
       Dungeon |   3058 |   2906 |    152 |    800 |   1667 |   3 | 1019.3 |
               +--------+--------+--------+--------+--------+-----+--------+

Top non-repeatable levels by time:
     D:1: 1710 daAuts
     D:2: 957 daAuts
     D:3: 390 daAuts
